[ AOE2 MATCH · #504837355 ]
UnrankedGurjaras vs Malians
Player's team · LOSS
Rival team · WIN
[ REPLAY ANALYSIS · EXTRACTED FROM THE RECORDED GAME ]
Feudal
8:54
Castle
23:50
Imperial
43:21
| APM avg | 57.4 |
| APM peak | 94 |
| eAPM avg | 29.7 |
| Villagers / military | 178 / 249 |
Focus
⚔️ 32.6% · 🌾 67.4%
Camel Scout ×118 · Shrivamsha Rider ×59 · Scout Cavalry ×57 · Scorpion ×5 · Skirmisher ×4 · Monk ×2
Feudal
10:38
Castle
19:51
Imperial
41:06
| APM avg | 67.3 |
| APM peak | 99 |
| eAPM avg | 32.8 |
| Villagers / military | 199 / 230 |
Focus
⚔️ 50.2% · 🌾 49.8%
Camel Scout ×108 · Archer ×61 · Gbeto ×41 · Trebuchet (Packed) ×6 · Spearman ×5 · Militia ×4
Match map
Initial resources + every placement click. Lines = walls · curves = elevation contours. ◆ gold · ⬟ stone · ● berries · ✦ relic · ◌ wall gap
Your base· Open — 6t gap
Macluffy's base· Open — 4t gap
Smoothed initial terrain · ◌ = detected wall gap · hover for details
Inputs per minute
— boanaan - - Macluffy
Build order — boanaan
First 150 of 527 actions detected
| 0:00 | Create | Villager (Male) |
| 0:02 | Build | House |
| 0:03 | Build | House |
| 0:10 | Create | Villager (Male) |
| 0:20 | Create | Villager (Male) |
| 0:20 | Create | Villager (Male) |
| 0:31 | Build | Mill |
| 1:35 | Create | Villager (Male) |
| 1:35 | Create | Villager (Male) |
| 2:01 | Create | Villager (Male) |
| 2:34 | Create | Villager (Male) |
| 2:51 | Create | Villager (Male) |
| 2:54 | Build | Lumber Camp |
| 3:16 | Create | Villager (Male) |
| 3:41 | Create | Villager (Male) |
| 3:45 | Build | House |
| 3:58 | Create | Villager (Male) |
| 4:32 | Create | Villager (Male) |
| 4:51 | Create | Villager (Male) |
| 5:21 | Create | Villager (Male) |
| 5:49 | Create | Villager (Male) |
| 6:04 | Build | House |
| 6:15 | Create | Villager (Male) |
| 6:40 | Research | Feudal Age |
| 6:49 | Build | Barracks |
| 7:26 | Build | Lumber Camp |
| 7:43 | Build | House |
| 8:11 | Create | Villager (Male) |
| 8:13 | Build | House |
| 8:14 | Build | Palisade Wall |
| 8:16 | Research | Loom |
| 8:44 | Build | House |
| 8:45 | Build | House |
| 8:54 | Age | Feudal Age |
| 8:57 | Create | Villager (Male) |
| 9:10 | Create | Villager (Male) |
| 9:13 | Create | Spearman |
| 9:20 | Build | Stable |
| 9:36 | Research | Double-Bit Axe |
| 9:40 | Build | Palisade Wall |
| 9:56 | Create | Villager (Male) |
| 10:03 | Build | Farm |
| 10:05 | Build | Farm |
| 10:16 | Build | Palisade Wall |
| 10:20 | Build | Palisade Wall |
| 10:21 | Build | Palisade Wall |
| 10:23 | Create | Villager (Male) |
| 10:28 | Build | Farm |
| 10:38 | Create | Scout Cavalry |
| 10:47 | Create | Villager (Male) |
| 10:49 | Build | House |
| 10:52 | Build | Farm |
| 11:01 | Create | Scout Cavalry |
| 11:02 | Build | Farm |
| 11:12 | Build | Palisade Wall |
| 11:14 | Build | Palisade Wall |
| 11:23 | Create | Villager (Male) |
| 11:27 | Build | Farm |
| 11:44 | Create | Villager (Male) |
| 11:48 | Build | House |
| 11:50 | Build | Palisade Wall |
| 11:51 | Build | Palisade Wall |
| 11:58 | Build | House |
| 12:02 | Build | Palisade Wall |
| 12:05 | Create | Villager (Male) |
| 12:07 | Build | Farm |
| 12:13 | Create | Villager (Male) |
| 12:16 | Build | Farm |
| 12:44 | Build | House |
| 12:46 | Create | Villager (Male) |
| 12:49 | Build | House |
| 12:56 | Create | Scout Cavalry |
| 13:02 | Build | Farm |
| 13:05 | Build | Farm |
| 13:10 | Create | Scout Cavalry |
| 13:17 | Build | Farm |
| 13:20 | Build | Farm |
| 13:25 | Create | Spearman |
| 13:33 | Build | Farm |
| 13:34 | Create | Villager (Male) |
| 14:00 | Create | Villager (Male) |
| 14:13 | Create | Villager (Male) |
| 14:25 | Create | Villager (Male) |
| 14:32 | Create | Scout Cavalry |
| 14:45 | Create | Villager (Male) |
| 14:49 | Build | Palisade Wall |
| 15:01 | Create | Scout Cavalry |
| 15:09 | Build | Mining Camp |
| 15:14 | Research | Horse Collar |
| 15:15 | Create | Villager (Male) |
| 15:20 | Build | Farm |
| 15:30 | Build | Archery Range |
| 15:35 | Create | Scout Cavalry |
| 15:46 | Create | Villager (Male) |
| 15:51 | Create | Villager (Male) |
| 16:00 | Create | Skirmisher |
| 16:05 | Create | Scout Cavalry |
| 16:08 | Create | Skirmisher |
| 16:13 | Build | Farm |
| 16:15 | Build | Farm |
| 16:20 | Build | Farm |
| 16:30 | Create | Scout Cavalry |
| 16:45 | Create | Villager (Male) |
| 16:50 | Create | Skirmisher |
| 16:54 | Build | House |
| 17:06 | Create | Villager (Male) |
| 17:08 | Create | Skirmisher |
| 17:21 | Create | Scout Cavalry |
| 17:28 | Build | Farm |
| 17:29 | Create | Villager (Male) |
| 17:30 | Build | Farm |
| 17:33 | Build | House |
| 17:34 | Build | House |
| 17:45 | Create | Villager (Male) |
| 17:56 | Create | Scout Cavalry |
| 18:03 | Create | Villager (Male) |
| 18:26 | Create | Villager (Male) |
| 18:31 | Research | Bloodlines |
| 18:37 | Build | Farm |
| 18:40 | Build | House |
| 18:42 | Build | Palisade Wall |
| 19:05 | Create | Villager (Male) |
| 19:12 | Create | Scout Cavalry |
| 19:26 | Build | Blacksmith |
| 19:28 | Build | Palisade Wall |
| 19:34 | Create | Villager (Male) |
| 19:37 | Create | Scout Cavalry |
| 19:57 | Create | Villager (Male) |
| 20:38 | Create | Villager (Male) |
| 20:59 | Build | Stable |
| 21:10 | Research | Castle Age |
| 21:21 | Build | House |
| 21:45 | Create | Scout Cavalry |
| 21:48 | Build | Farm |
| 22:02 | Build | House |
| 22:05 | Create | Scout Cavalry |
| 22:07 | Research | Scale Barding Armor |
| 22:27 | Create | Scout Cavalry |
| 22:30 | Build | Market |
| 22:42 | Create | Scout Cavalry |
| 23:07 | Build | Market |
| 23:14 | Create | Scout Cavalry |
| 23:14 | Create | Scout Cavalry |
| 23:17 | Create | Villager (Male) |
| 23:29 | Build | House |
| 23:31 | Build | House |
| 23:33 | Build | Palisade Wall |
| 23:40 | Create | Villager (Male) |
| 23:41 | Build | House |
| 23:49 | Build | House |
Build order — Macluffy
First 150 of 672 actions detected
| 0:01 | Create | Villager (Male) |
| 0:02 | Build | House |
| 0:03 | Build | House |
| 0:06 | Create | Villager (Male) |
| 0:08 | Create | Villager (Male) |
| 0:12 | Create | Villager (Male) |
| 1:29 | Create | Villager (Male) |
| 1:44 | Build | Lumber Camp |
| 1:59 | Create | Villager (Male) |
| 2:10 | Create | Villager (Male) |
| 2:43 | Create | Villager (Male) |
| 2:58 | Create | Villager (Male) |
| 3:30 | Create | Villager (Male) |
| 3:55 | Create | Villager (Male) |
| 4:27 | Build | House |
| 4:30 | Research | Loom |
| 4:42 | Build | Barracks |
| 4:48 | Build | Barracks |
| 4:55 | Create | Villager (Male) |
| 5:11 | Create | Villager (Male) |
| 5:23 | Build | House |
| 5:25 | Create | Villager (Male) |
| 5:32 | Create | Militia |
| 5:49 | Create | Militia |
| 5:53 | Build | Palisade Wall |
| 6:03 | Create | Militia |
| 6:03 | Create | Villager (Male) |
| 6:26 | Build | Mill |
| 6:31 | Create | Villager (Male) |
| 6:44 | Build | Palisade Wall |
| 6:46 | Build | Palisade Wall |
| 6:50 | Build | House |
| 6:53 | Create | Villager (Male) |
| 7:29 | Create | Villager (Male) |
| 7:52 | Create | Villager (Male) |
| 8:28 | Research | Feudal Age |
| 9:31 | Build | Mining Camp |
| 9:46 | Create | Villager (Male) |
| 9:50 | Build | House |
| 9:53 | Build | House |
| 10:20 | Create | Militia |
| 10:34 | Build | Palisade Wall |
| 10:38 | Age | Feudal Age |
| 10:46 | Build | Archery Range |
| 10:48 | Research | Man-at-Arms (upgrade) |
| 10:55 | Create | Villager (Male) |
| 10:59 | Build | Farm |
| 11:01 | Research | Horse Collar |
| 11:08 | Research | Double-Bit Axe |
| 11:10 | Build | Farm |
| 11:12 | Build | Farm |
| 11:16 | Build | House |
| 11:42 | Create | Spearman |
| 11:45 | Build | House |
| 11:52 | Build | Farm |
| 12:15 | Build | Farm |
| 12:17 | Build | Farm |
| 12:18 | Build | Farm |
| 12:18 | Create | Villager (Male) |
| 12:27 | Create | Villager (Male) |
| 12:35 | Create | Archer |
| 12:49 | Create | Archer |
| 12:55 | Create | Archer |
| 12:55 | Create | Villager (Male) |
| 13:05 | Create | Archer |
| 13:07 | Build | Farm |
| 13:19 | Create | Villager (Male) |
| 13:21 | Build | Farm |
| 13:22 | Build | House |
| 13:30 | Create | Archer |
| 13:31 | Create | Villager (Male) |
| 13:45 | Create | Spearman |
| 13:46 | Create | Archer |
| 13:53 | Create | Villager (Male) |
| 14:04 | Create | Archer |
| 14:04 | Create | Villager (Male) |
| 14:17 | Create | Archer |
| 14:18 | Create | Spearman |
| 14:27 | Create | Spearman |
| 14:30 | Build | Farm |
| 14:37 | Create | Villager (Male) |
| 14:50 | Build | Blacksmith |
| 14:54 | Create | Archer |
| 14:56 | Create | Villager (Male) |
| 15:01 | Create | Spearman |
| 15:04 | Create | Archer |
| 15:11 | Create | Archer |
| 15:15 | Create | Villager (Male) |
| 15:26 | Create | Archer |
| 15:29 | Build | Market |
| 15:45 | Create | Villager (Male) |
| 16:02 | Create | Villager (Male) |
| 16:07 | Build | Farm |
| 16:09 | Build | Farm |
| 16:25 | Build | House |
| 16:29 | Create | Villager (Male) |
| 17:11 | Research | Castle Age |
| 17:13 | Build | House |
| 17:30 | Create | Archer |
| 17:51 | Create | Villager (Male) |
| 18:01 | Build | Archery Range |
| 18:07 | Research | Fletching |
| 18:10 | Create | Villager (Male) |
| 18:15 | Create | Archer |
| 18:15 | Create | Villager (Male) |
| 18:21 | Build | Lumber Camp |
| 18:26 | Create | Archer |
| 18:29 | Create | Villager (Male) |
| 18:45 | Create | Villager (Male) |
| 18:50 | Create | Archer |
| 18:55 | Create | Villager (Male) |
| 19:01 | Create | Archer |
| 19:10 | Create | Archer |
| 19:13 | Create | Villager (Male) |
| 19:17 | Create | Archer |
| 19:28 | Build | Palisade Wall |
| 19:30 | Create | Archer |
| 19:36 | Build | Palisade Gate |
| 19:37 | Build | House |
| 19:39 | Build | Palisade Gate |
| 19:42 | Build | Palisade Gate |
| 19:46 | Build | House |
| 19:48 | Build | Palisade Wall |
| 19:50 | Build | Palisade Wall |
| 19:51 | Age | Castle Age |
| 20:13 | Research | Crossbowman (upgrade) |
| 20:13 | Research | Crossbowman (upgrade) |
| 20:14 | Research | Bodkin Arrow |
| 20:14 | Create | Villager (Male) |
| 20:27 | Build | Palisade Gate |
| 20:39 | Create | Archer |
| 20:50 | Create | Villager (Male) |
| 21:01 | Create | Archer |
| 21:06 | Build | Farm |
| 21:07 | Build | Farm |
| 21:27 | Create | Archer |
| 21:28 | Create | Villager (Male) |
| 21:34 | Build | Lumber Camp |
| 21:41 | Build | Farm |
| 21:42 | Create | Villager (Male) |
| 21:44 | Build | Farm |
| 21:50 | Create | Archer |
| 22:03 | Research | Padded Archer Armor |
| 22:05 | Create | Villager (Male) |
| 22:06 | Create | Archer |
| 22:06 | Create | Villager (Male) |
| 22:14 | Create | Archer |
| 22:15 | Create | Villager (Male) |
| 22:20 | Create | Villager (Male) |
| 22:30 | Create | Archer |
Match timeline
| 4:42 | Macluffy · first_building Barracks |
| 5:53 | Macluffy · wall_segment Palisade Wall x5 |
| 6:44 | Macluffy · wall_segment Palisade Wall x21 |
| 6:46 | Macluffy · wall_segment Palisade Wall x5 |
| 6:49 | boanaan · first_building Barracks |
| 8:14 | boanaan · wall_segment Palisade Wall x6 |
| 8:54 | boanaan · age_up feudal |
| 9:20 | boanaan · first_building Stable |
| 9:40 | boanaan · wall_segment Palisade Wall x1 |
| 10:16 | boanaan · wall_segment Palisade Wall x1 |
| 10:20 | boanaan · wall_segment Palisade Wall x4 |
| 10:21 | boanaan · wall_segment Palisade Wall x2 |
| 10:34 | Macluffy · wall_segment Palisade Wall x15 |
| 10:38 | Macluffy · age_up feudal |
| 10:46 | Macluffy · first_building Archery Range |
| 11:12 | boanaan · wall_segment Palisade Wall x1 |
| 11:14 | boanaan · wall_segment Palisade Wall x10 |
| 11:50 | boanaan · wall_segment Palisade Wall x1 |
| 11:51 | boanaan · wall_segment Palisade Wall x1 |
| 12:02 | boanaan · wall_segment Palisade Wall x1 |
| 14:49 | boanaan · wall_segment Palisade Wall x1 |
| 15:30 | boanaan · first_building Archery Range |
| 16:31 | Macluffy · first_market_sell 100 stone |
| 16:32 | Macluffy · first_market_buy 100 food |
| 18:42 | boanaan · wall_segment Palisade Wall x13 |
| 19:28 | boanaan · wall_segment Palisade Wall x1 |
| 19:28 | Macluffy · wall_segment Palisade Wall x1 |
| 19:48 | Macluffy · wall_segment Palisade Wall x1 |
| 19:50 | Macluffy · wall_segment Palisade Wall x1 |
| 19:51 | Macluffy · age_up castle |
| 23:33 | boanaan · wall_segment Palisade Wall x1 |
| 23:50 | boanaan · age_up castle |
| 25:32 | Macluffy · first_building Stable |
| 25:43 | boanaan · first_market_sell 100 wood |
| 26:50 | Macluffy · wall_segment Palisade Wall x1 |
| 27:10 | boanaan · first_building Siege Workshop |
| 27:36 | Macluffy · first_building Monastery |
| 29:03 | boanaan · first_building Monastery |
| 35:38 | boanaan · first_building Castle |
| 38:59 | Macluffy · first_building Castle |
| 41:06 | Macluffy · age_up imperial |
| 43:21 | boanaan · age_up imperial |
| 47:57 | Macluffy · first_building Siege Workshop |
| 51:03 | boanaan · resign |
[ AI ANALYSIS · 1 CREDIT ]
What really happened in this match?
Wolo.gg analyzes every decision: build order, eco, micro, common mistakes by bracket. Personalized analysis on WhatsApp or Discord in 30 seconds.
Civ guide
Gurjaras
Perfil
Jugador #23000509